 Dungeon Crawl Stone Soup version 0.31-a0-506-g3d79149578 (webtiles) character file.

Game seed: 12499104938003043998

356 GordonOverkill the Sneak (level 6, -1/42 HPs)
             Began as an Octopode Delver on Aug 9, 2023.
             Was an Initiate of Vehumet.
             Slain by a yak (15 damage)
             ... on level 9 of the Dungeon.
             The game lasted 00:04:01 (715 turns).

GordonOverkill the Sneak (Octopode Delver)           Turns: 715, Time: 00:04:02

Health: -1/42      AC:  5    Str: 11    XL:     6   Next: 63%
Magic:  6/9        EV: 13    Int: 14    God:    Vehumet [......]
Gold:   87         SH:  0    Dex: 14    Spells: 9/9 levels left

rFire   . . .        a - +0 short sword
rCold   . . .        (no shield)
rNeg    . . .        (helmet restricted)
rPois   .            (no amulet)
rElec   .            m - +4 ring of protection
rCorr   .            (no ring)
SInv    .            (no ring)
Will    .....        (no ring)
Stlth   ++++         (no ring)
HPRegen 0.27/turn    (no ring)
MPRegen 0.11/turn    (no ring)
                     (no ring)

%: no passive effects
@: no status effects
A: almost no armour, amphibious, 8 rings, camouflage 1, gelatinous body 1,
(nimble swimmer 1), tentacles
a: Renounce Religion


You were on level 9 of the Dungeon.
You worshipped Vehumet.
Vehumet was noncommittal.
You visited 2 branches of the dungeon, and saw 6 of its levels.

You collected 87 gold pieces.

Inventory:

Hand Weapons
 a - a +0 short sword (weapon)
Jewellery
 m - a +4 ring of protection (left tentacle)
Wands
 f - a wand of digging (3)
 l - a wand of quicksilver (4)
 o - a wand of polymorph (1)
Scrolls
 b - 2 scrolls of fog
 c - a scroll of revelation
 d - 2 scrolls of fear
 h - a scroll of brand weapon {unknown}
 j - a scroll of amnesia {unknown}
 p - a scroll of identify {unknown}
 r - a scroll of silence {unknown}
Potions
 e - a potion of haste
 g - a potion of enlightenment {unknown}
 i - a potion of might {unknown}
 k - a potion of resistance {unknown}
 n - 2 potions of brilliance {unknown}
 q - a potion of attraction {unknown}


   Skills:
 - Level 3.0 Fighting
 - Level 2.0 Short Blades
 - Level 2.0 Dodging
 - Level 6.6 Stealth
 - Level 2.0 Spellcasting
 - Level 2.0 Translocations
 + Level 6.0 Evocations


You had 9 spell levels left.
You didn't know any spells.
Your spell library contained the following spells:

 Spells                   Type           Power      Damage    Failure   Level
 Blink                    Tloc           14%        N/A       16%         2
 Manifold Assault         Tloc           7%         N/A       71%         4


Dungeon Overview and Level Annotations

Branches:
Dungeon (9/15)             Temple (1/1) D:5
   Lair: D:8-11         Orc: D:9-12

Altars:
Ashenzari
Cheibriados
Dithmenos
Elyvilon
Fedhas
Gozag
Hepliaklqana
Kikubaaqudgha
Makhleb
Nemelex Xobeh
Okawaru
Sif Muna
Uskayaw
Vehumet
Wu Jian
Yredelemnul
Zin

Annotations:
D:7 exclusion: downstairs
D:9 exclusion: upstairs, Psyche


Innate Abilities, Weirdness & Mutations

You cannot wear most types of armour.
You are amphibious.
You can wear up to eight rings at the same time.
Your skin changes colour to match your surroundings (Stealth+).
Your rubbery body absorbs attacks. (AC +1, EV +1)
((You are camouflaged when in or above water. (Stealth+)))
You have tentacles for arms and can constrict up to eight enemies at once.


Message History

You kill the yak!
Vehumet accepts your kill.
Training target 2.0 for Spellcasting reached!
Training target 2.0 for Translocations reached!
Training target 5.0 for Evocations reached!
Your Spellcasting skill increases to level 2!
Your Translocations skill increases to level 2!
Your Evocations skill gained 3 levels and is now at level 5!
You need to enable at least one skill for training.
Your Evocations skill increases to level 6!
You have reached level 5!
You feel agile.
You have reached level 6!
Aiming: Quicksilver Bolt
Press: ? - help, Shift-Dir - straight line, f - yak
Aim: a yak (84% to hit)
The bolt of dispelling energy hits the yak!
The yak is moderately wounded.
The yak barely misses you.
Aiming: Quicksilver Bolt
Press: ? - help, Shift-Dir - straight line, f - yak, p - yak
Aim: a yak (84% to hit)
The bolt of dispelling energy misses the yak.
The bolt of dispelling energy hits the yak!!
The yak is heavily wounded.
The yak gores you but does no damage.
A yak comes into view.
Aiming: Quicksilver Bolt
Press: ? - help, Shift-Dir - straight line, f/p - yak
Aim: a yak (heavily wounded, 84% to hit)
The bolt of dispelling energy misses the yak. x2
A yak comes into view.
The yak barely misses you. The yak attacks as you move away! The yak gores you!
* * * LOW HITPOINT WARNING * * *
The yak bellows!
There is an open door here.
The yak attacks as you move away! The yak closely misses you.
The yak attacks as you move away! The yak gores you!
You die...

#...#..##. ### ## #
#.#....##.. #.. .#.##
..#.#.### .. #.##.#..
#.#.#.###..#'### #.#...@
#.#.#.#.....Y†Y###.#..###.#
..#.#.#.#.#....'...#......#
#.#.#.# +....#Y.....######
#.#.#.# #....#Y###........
..#.#.. #....#@# #.#####..
###.#.##########.# #.#..
..#.#......# ###.###.#.#
.##.#.####.###.......#.#
.##.....##.............#
.####<#.##.###...#....##
.####.#<##.# ###....).+
......#.##............#
#######.###...........#


You could see 2 yaks.

Vanquished Creatures
  2 yaks (D:9)
  A bullfrog (D:8)
  2 butterflies (D:5)
5 creatures vanquished.

Notes
Turn   | Place    | Note
-------+----------+-------------------------------------------
     0 | D:5      | GordonOverkill the Octopode Delver began the quest for the
                  | Orb.
     0 | D:5      | Reached XP level 1. HP: 16/16 MP: 1/1
    35 | D:5      | Found a staircase to the Ecumenical Temple.
    51 | Temple   | Entered the Ecumenical Temple
    61 | Temple   | Became a worshipper of Vehumet
   173 | D:5      | Noticed a scorpion
   200 | D:6      | Noticed an iguana
   259 | D:8      | Noticed a jelly
   259 | D:8      | Noticed an orc wizard
   259 | D:8      | Noticed a killer bee
   259 | D:8      | Noticed a killer bee
   260 | D:8      | Noticed a killer bee
   260 | D:8      | Noticed a killer bee
   290 | D:8      | Found a hide-covered altar of Uskayaw.
   296 | D:8      | Noticed a bullfrog
   303 | D:8      | Killed a bullfrog
   304 | D:8      | Reached skill level 1 in Spellcasting
   304 | D:8      | Reached skill level 1 in Translocations
   304 | D:8      | Reached XP level 2. HP: 21/21 MP: 1/4
   304 | D:8      | Reached XP level 3. HP: 26/26 MP: 1/5
   304 | D:8      | Reached XP level 4. HP: 31/31 MP: 1/6
   389 | D:7      | Noticed an orc warrior
   478 | D:9      | Noticed a two-headed ogre
   489 | D:9      | Noticed Psyche
   701 | D:9      | Noticed a yak
   704 | D:9      | Noticed a yak
   705 | D:9      | Noticed a yak
   705 | D:9      | Noticed a yak
   707 | D:9      | Killed a yak
   707 | D:9      | Killed a yak
   708 | D:9      | Reached skill level 5 in Evocations
   708 | D:9      | Reached XP level 5. HP: 22/36 MP: 6/8
   708 | D:9      | Reached XP level 6. HP: 26/42 MP: 6/9
   709 | D:9      | Noticed a yak
   710 | D:9      | Noticed a yak
   715 | D:9      | Slain by a yak

Illustrated notes

Levels and vault maps discovered:
D:5:      layout_basic, mainiacjoe_overflow_big_doors,
          minmay_temple_entry_butterflies, kennysheep_cross_room,
          amcnicky_mini_corridor_feature, minmay_pentangle
D:6:      layout_loops_ring, tgw_trog, minmay_misc_feat_chi
D:7:      layout_loops_ring, amcnicky_altar_gilded, gammafunk_ghost_grave
D:8:      gammafunk_boulding_lane, layout_layer_cave,
          nicolae_uskayaw_murder_on_the_dancefloor
D:9:      layout_basic, nicolae_overflow_crystal_walls, lair_entry_dummy,
          minivault_5, uniq_harold, uniq_gastronok, uniq_grum, uniq_psyche
Temple:   nicolae_temple_slightly_damp_pantheon

Skill      XL: |  1  2  3  4 |
---------------+-------------+-----
Spellcasting   | 1 2 |  2.0
Translocations | 1 2 |  2.0
Evocations     | 2 6 |  6.0
Fighting       | |  3.0
Short Blades   | |  2.0
Dodging        | |  2.0
Stealth        | |  6.6

Action                     |  1- 3 |  4- 6 || total
---------------------------+-------+-------++-------
  Melee: Short sword       |     4 |       ||     4
         Tentacles         |     1 |       ||     1
  Evoke: Wand              |     1 |     7 ||     8
   Stab: Sleeping          |     2 |       ||     2
 Armour: Skin              |       |     1 ||     1
  Dodge: Dodged            |     2 |     3 ||     5

Table legend: (Time is in decaauts)
 A = Elapsed time spent in this place.
 B = Non-inter-level travel time spent in this place.
 C = Inter-level travel time spent in this place.
 D = Time resting spent in this place.
 E = Time spent auto-exploring this place.
 F = Levels seen in this place.
 G = Mean time per level.
                   A        B        C        D        E       F      G
               +--------+--------+--------+--------+--------+-----+--------+
         Total |    715 |    684 |     31 |    250 |      0 |   6 |  119.2 |
       Dungeon |    694 |    681 |     13 |    250 |      0 |   5 |  138.8 |
        Temple |     20 |      2 |     18 |      0 |      0 |   1 |   20.0 |
               +--------+--------+--------+--------+--------+-----+--------+

Top non-repeatable levels by time:
     D:9: 301 daAuts
     D:5: 169 daAuts
     D:8: 108 daAuts
     D:7: 102 daAuts
  Temple: 20 daAuts
     D:6: 12 daAuts
